 Dungeon Crawl Stone Soup version 0.22.0-27-ga576289 (webtiles) character file.

13 Folque the Magician (level 2, 0/18 HPs)
             Began as an Octopode Wizard on Aug 21, 2018.
             Slain by an adder (1 damage)
             ... on level 2 of the Dungeon.
             The game lasted 00:04:38 (966 turns).

Folque the Magician (Octopode Wizard)                Turns: 966, Time: 00:04:38

Health: 0/18       AC:  1    Str:  6    XL:     2   Next: 37%
Magic:  1/6        EV: 13    Int: 20    God:
Gold:   82         SH:  0    Dex: 10    Spells: 2/7 levels left

rFire    . . .     SeeInvis .   e - +0 short sword
rCold    . . .     Gourm    .   (no shield)
rNeg     . . .     Faith    .   a - +0 hat
rPois    .         Spirit   .   (no amulet)
rElec    .         Reflect  .   (no ring)
rCorr    .         Harm     .   (no ring)
MR       .....                  (no ring)
Stlth    +++.......             (no ring)
HPRegen  0.06/turn              (no ring)
MPRegen  0.10/turn              (no ring)
                                (no ring)
                                (no ring)

@: lethally poisoned (0 -> -2), flying, very slightly contaminated, invisible
A: almost no armour, stealthy swim, amphibious, 8 rings, constrict 8, antennae
1, camouflage 1, mutation resistance 1, gelatinous body 1
a: no special abilities


You were on level 2 of the Dungeon.
You were not hungry.

You visited 1 branch of the dungeon, and saw 2 of its levels.

You collected 82 gold pieces.

Inventory:

Hand Weapons
 e - a +0 short sword (weapon)
Armour
 a - a +0 hat (worn)
Scrolls
 i - a scroll of noise
Potions
 g - a potion of invisibility
Comestibles
 c - 2 rations
 h - a chunk of flesh


   Skills:
 * Level 0.8 Fighting
 - Level 2.0 Dodging
 - Level 2.6 Stealth
 + Level 3.4 Spellcasting
 - Level 1.0 Conjurations
 - Level 1.0 Summonings
 - Level 1.0 Translocations


You had 2 spell levels left.
You knew the following spells:

 Your Spells              Type           Power        Failure   Level  Hunger
a - Magic Dart            Conj           #...         9%          1    None
b - Call Imp              Summ           #.......     14%         2    ##.....
c - Blink                 Tloc           N/A          14%         2    ##.....

Your spell library contained the following spells:

 Spells                   Type           Power        Failure   Level  Hunger
 Slow                     Hex            #.......     21%         2    ##.....
 Conjure Flame            Conj/Fire      #.......     32%         3    ###....
 Mephitic Cloud           Conj/Pois/Air  #.......     34%         3    ###....


Dungeon Overview and Level Annotations

Branches:
Dungeon (2/15)

Altars:


Innate Abilities, Weirdness & Mutations

You cannot wear most types of armour.
You are very stealthy in the water. (Stealth+)
You are amphibious.
You can wear up to eight rings at the same time.
You can use your tentacles to constrict eight enemies at once.
Your skin changes colour to match your surroundings (Stealth+).
Your rubbery body absorbs attacks. (AC +1, EV +1)
You have a pair of small antennae on your head.
You are somewhat resistant to further mutation.


Message History

* * * LOW HITPOINT WARNING * * *
The adder bites your crimson imp but does no damage.
As you read the scroll labeled TIOPUO JUDEIS, it crumbles to dust.
It is a scroll of identify.
i - a scroll of noise
* * * LOW HITPOINT WARNING * * *
You feel sick.
The adder hisses angrily.
The adder closely misses you.
The adder closely misses your crimson imp.
Your crimson imp hits the adder.
The adder completely misses your crimson imp.
Your crimson imp closely misses the adder.
Your crimson imp blinks!
Your crimson imp closely misses the adder.
You closely miss the adder. Your grab misses the adder.
Your squeeze misses the adder.
The adder is heavily wounded.
The adder bites you.
You die...

.
.........###.#
..#..#####.
#.# .... #.###
#.#... #...#
#....5###
###.#
......)b# #.#
#g## #.# #5S#
#.# ##@#
####.###
#.####......#
#S...#......#
####........#
###......#
#......#
#......#
########


You could see 2 adders, a hobgoblin, a bat and 2 friendly crimson imps.

Vanquished Creatures
  A dart slug (D:1)
  A leopard gecko (D:1)
  A bat (D:1)
  A goblin (D:1)
  A hobgoblin (D:1)
  2 kobolds
  A frilled lizard (D:1)
  2 rats
10 creatures vanquished.

Notes
Turn   | Place    | Note
-------+----------+-------------------------------------------
     0 | D:1      | Folque the Octopode Wizard began the quest for the Orb.
     0 | D:1      | Reached XP level 1. HP: 11/11 MP: 4/4
   481 | D:1      | Reached XP level 2. HP: 11/17 MP: 6/6
   885 | D:2      | Learned a level 2 spell: Call Imp
   888 | D:2      | Learned a level 2 spell: Blink
   961 | D:2      | Gained mutation: You have a pair of small antennae on your head. [potion of mutation]
   961 | D:2      | Gained mutation: You are somewhat resistant to further mutation. [potion of mutation]
   966 | D:2      | Slain by an adder

Action                   || total
-------------------------++-------
Melee: Unarmed           ||    22
       Constrict         ||     5
       Short sword       ||     4
       Tentacles         ||     2
 Cast: Magic Dart        ||    16
       Call Imp          ||     2
  Use: Potion            ||     3
       Scroll            ||     1
 Stab: Sleeping          ||     3
Armor: Skin              ||     1
Dodge: Dodged            ||    21
